 Dungeon Crawl Stone Soup version 0.21.1-1-g345015f (webtiles) character file.

39 Mookip the Slasher (level 3, -5/30 HPs)
             Began as a Merfolk Berserker on May 2, 2018.
             Was a Believer of Trog.
             Slain by a worm (11 damage)
             ... on level 2 of the Dungeon.
             The game lasted 00:10:55 (1082 turns).

Mookip the Slasher (Merfolk Berserker)              Turns: 1082, Time: 00:10:56

Health: -5/30      AC:  3    Str: 18    XL:     3   Next: 45%
Magic:  3/3        EV:  7    Int:  6    God:    Trog [**....]
Gold:   115        SH:  8    Dex: 18    Spells: 2/2 levels left

rFire    . . .     SeeInvis .   a - +1 falchion
rCold    . . .     Gourm    .   q - +0 shield
rNeg     . . .     Faith    .   n - +0 leather armour
rPois    .         Spirit   .   (no helmet)
rElec    .         Reflect  .   (no cloak)
rCorr    .         Harm     .   (no gloves)
MR       .....                  (no boots)
Stlth    +.........             e - amulet of regeneration
HPRegen  0.50/turn              r - +5 ring of dexterity
MPRegen  0.08/turn              (no ring)

@: constricted
A: change form in water, swift swim, stealthy swim
a: Berserk, Trog's Hand, Burn Spellbooks, Renounce Religion


You were on level 2 of the Dungeon.
You worshipped Trog.
Trog was pleased with you.
You were near starving.

You visited 1 branch of the dungeon, and saw 2 of its levels.

You collected 115 gold pieces.

Inventory:

Hand Weapons
 a - a +1 falchion (weapon)
 d - a +0 dagger
 g - a +0 club
 h - a +0 dagger
 m - a +0 club
Missiles
 o - 24 bolts
Armour
 b - a +0 animal skin
 n - a +0 leather armour (worn)
 q - a +0 shield (worn)
Jewellery
 e - an amulet of regeneration (around neck)
 j - an uncursed amulet of the gourmand
 r - a +5 ring of dexterity (left hand)
Wands
 k - a wand of random effects (30)
Potions
 f - a potion of heal wounds {unknown}
 i - 2 potions of mutation {unknown}
 l - a potion of flight {unknown}
 p - a potion of curing {unknown}
 s - a potion of cancellation {unknown}
 t - a potion of might {unknown}
Comestibles
 c - 2 rations


   Skills:
 + Level 3.8 Fighting
 + Level 4.1 Long Blades
 + Level 1.5 Armour
 + Level 3.0 Dodging
 + Level 0.1 Stealth
 + Level 0.1 Shields


You had 2 spell levels left.
You didn't know any spells.

Dungeon Overview and Level Annotations

Branches:
Dungeon (2/15)

Altars:
Dithmenos
Nemelex Xobeh


Message History

The worm is heavily wounded.
You block the ball python's attack. The ball python closely misses you.
The quokka closely misses you.
You riposte.
You closely miss the quokka. The worm bites you. The ball python bites you.
The ball python closely misses you.
You hit the worm.
The worm is severely wounded.
The quokka bites you.
The ball python bites you but does no damage.
The ball python barely misses you. You block the quokka's attack.
The worm bites you.
You slash the quokka!
You kill the quokka!
Trog accepts your kill. The ball python barely misses you.
The ball python completely misses you. The worm bites you!
* * * LOW HITPOINT WARNING * * *
The ball python bites you but does no damage.
The ball python grabs you. The ball python constricts you. The worm bites you!
You die...

...s.. ..... .. .... .# ... ....
###.## #. .. ..... . #....###.. .
...... ..## ###........# # .....
.....####........# ##...#
........S.........# ##...# .#
#....@w........## .....# .#
#.##..w.........#
.....###.###.##............# #.#.
............ #............<###.#.
......#... #.............##...<
†.....#.###....####........##....
............... ##...........#.
.....#<.##..... ##......##.##.
........# . ...............


You could see 2 worms and a ball python.

Vanquished Creatures
  An ooze (D:1)
  A worm (D:2)
  3 dart slugs
  A leopard gecko (D:2)
  5 goblins
  3 hobgoblins
  2 jackals (D:2)
  2 kobolds (D:1)
  A quokka (D:2)
  2 bats
  A frilled lizard (D:2)
  A rat (D:1)
23 creatures vanquished.

Notes
Turn   | Place    | Note
-------+----------+-------------------------------------------
     0 | D:1      | Mookip the Merfolk Berserker began the quest for the Orb.
     0 | D:1      | Reached XP level 1. HP: 18/18 MP: 1/1
   229 | D:1      | Reached XP level 2. HP: 20/24 MP: 2/2
   905 | D:2      | Found a sparkling altar of Nemelex Xobeh.
   958 | D:2      | Reached XP level 3. HP: 30/30 MP: 3/3
   967 | D:2      | Reached skill level 4 in Long Blades
  1003 | D:2      | Found a shadowy altar of Dithmenos.
  1019 | D:2      | Reached ** piety under Trog
  1082 | D:2      | Slain by a worm

Skill      XL: |  1  2  3 |
---------------+----------+-----
Long Blades    | 4 |  4.1
Dodging        | 3 |  3.0
Fighting       | |  3.8
Armour         | |  1.5
Stealth        | |  0.1
Shields        | |  0.1

Action                   || total
-------------------------++-------
Melee: Falchion          ||    65
Invok: Berserk           ||     1
  Use: Scroll            ||     5
Armor: Leather armour    ||    14
       Animal skin       ||     2
Dodge: Dodged            ||    51
Block: Shield            ||    31
       Rpst.: Falchion   ||    15
